 Dungeon Sprint DCSS version 0.16-a0-3606-g1520cdc (webtiles) character file.

11 BluebellGnoll the Shield-Bearer (level 2, -9/15 HPs)
             Began as a Deep Elf Fire Elementalist on Jan 13, 2015.
             Was an Initiate of Vehumet.
             Killed from afar by a hell hound (12 damage)
             ... with a blast of flame
             ... in the Dungeon (Sprint V: "Ziggurat Sprint").
             The game lasted 00:02:02 (73 turns).

BluebellGnoll the Shield-Bearer (DEFE)                Turns: 73, Time: 00:02:02

Health: -9/15      AC:  2    Str:  8    XL:     2   Next: 17%
Magic:  8/8        EV:  6    Int: 31    God:    Vehumet [......]
Gold:   0          SH: 27    Dex: 15    Spells: 2 memorised, 4 levels left

rFire  . . .     SeeInvis +     I - +14 obsidian axe {chop, +Fly Str+3 SInv Curse} (curse)
rCold  . . .     Clarity  .     a - +0 robe
rNeg   + . .     SustAb   .     J - +18 shield of the gong {rElec rN+ MR+ EV-5}
rPois  .         Gourm    .     (no helmet)
rElec  +         Spirit   .     (no cloak)
rCorr  .         Warding  .     (no gloves)
rMut   .         NoTele   +     (no boots)
MR     +....                    (no amulet)
Stlth  ++........               r - +6 ring of intelligence
                                q - +6 ring of intelligence

@: mesmerised, somewhat resistant to hostile enchantments, unstealthy
A: no striking features
a: Renounce Religion, Evoke Flight


You were in the Dungeon.
You worshipped Vehumet.
Vehumet was noncommittal.
You were not hungry.

You visited 1 branch

Inventory:

Hand weapons
 F - a +5 quick blade
 I - the cursed +14 obsidian axe (weapon) {chop, +Fly Str+3 SInv Curse}
   (You found it in the Dungeon)

   It inflicts extra damage upon your enemies.
   It affects your strength (+3).
   It enhances your eyesight.
   It lets you fly.
   It may recurse itself when equipped.
   It has a curse placed upon it.
 K - a +5 broad axe
Armour
 a - a +0 robe (worn)
 J - the +18 shield of the gong (worn) {rElec rN+ MR+ EV-5}
   (You found it in the Dungeon)

   It affects your evasion (-5).
   It insulates you from electricity.
   It protects you from negative energy.
   It affects your resistance to hostile enchantments.
Magical staves
 n - an uncursed staff of energy
Jewellery
 q - a +6 ring of intelligence (left hand)
 r - a +6 ring of intelligence (right hand)
 s - a +6 ring of strength
 t - a +6 ring of strength
Magical devices
 j - a wand of disintegration (7)
 k - a wand of fire (5)
 l - a wand of cold (4)
 m - a wand of draining (5)
Scrolls
 i - 4 scrolls of blinking
 u - 4 scrolls of amnesia
 v - 3 scrolls of recharging
 w - 7 scrolls of fog
 x - a scroll of holy word
 y - 5 scrolls of identify
 z - 5 scrolls of remove curse
 A - 2 scrolls of fear
Potions
 d - 10 potions of curing
 e - 10 potions of heal wounds
 f - 6 potions of haste
 g - 7 potions of magic
 h - 3 potions of berserk rage
 B - 2 potions of brilliance
 C - 2 potions of invisibility
 D - 2 potions of restore abilities
 E - 4 potions of resistance
 G - 5 potions of agility
 H - 5 potions of might
Books
 b - a book of Flames

   Spells                             Type                      Level
   a - Flame Tongue                   Conjuration/Fire             1
   b - Throw Flame                    Conjuration/Fire             2
   c - Conjure Flame                  Conjuration/Fire             3
   d - Inner Flame                    Hexes/Fire                   3
   e - Sticky Flame                   Conjuration/Fire             4
   f - Fireball                       Conjuration/Fire             5
Comestibles
 c - 5 bread rations
 o - 42 fruits
 p - 4 meat rations


   Skills:
 - Level 2.4 Dodging
 - Level 2.4 Stealth
 - Level 6.1 Shields
 + Level 3.1 Spellcasting
 * Level 1.5 Conjurations
 - Level 3.2 Fire Magic


You had 4 spell levels left.
You knew the following spells:

 Your Spells              Type           Power        Failure   Level  Hunger
a - Flame Tongue          Conj/Fire      ###..        8%          1    None
b - Throw Flame           Conj/Fire      ###...       10%         2    #......


Dungeon Overview and Level Annotations

Branches:
Dungeon (1/1)

Altars:
Ashenzari
Cheibriados
Dithmenos
Elyvilon
Fedhas
Gozag
Kikubaaqudgha
Makhleb
Nemelex Xobeh
Okawaru
Qazlal
Ru
Sif Muna
Trog
Vehumet
Xom
Yredelemnul
Zin
The Shining One
Beogh
Jiyva
Lugonu


Message History

The hell hound bites you!
Ouch! That really hurt!
* * * LOW HITPOINT WARNING * * *
You block the hell hound's attack.
BONNNG!
You are too injured to fight recklessly!
Unknown command.
You are too injured to fight recklessly!
Evoke which item? (* to show all) (? for menu, Esc to quit)
Zapping:
l - a wand of cold (5)
Press: ? - help, Shift-Dir - straight line, f - hell hound
Aim: a hell hound (mesmerising)
The bolt of cold hits the hell hound.
The hell hound is frozen!
The hell hound is severely wounded.
This wand has 4 charges left.
You block the hell hound's attack.
GONNNNG!
The hell hound breathes flames at you. The blast of flame hits you!
Ouch! That really hurt!
You die...

▓▓▓▓▓▓▓
▓.8©8.▓
▓.....▓
▓.).:.▓
▓.....▓
▓..h@.▓
▓.....▓
▓▓▓▓▓▓▓


You could see a hell hound.

Vanquished Creatures
  An adder skeleton (D)
1 creature vanquished.

Vanquished Creatures (others)
  Joseph (D)
1 creature vanquished.

Grand Total: 2 creatures vanquished

Notes
Turn   | Place    | Note
--------------------------------------------------------------
     0 | D        | BluebellGnoll, the Deep Elf Fire Elementalist, began the quest for the Orb.
     0 | D        | Reached XP level 1. HP: 10/10 MP: 5/5
     0 | D        | Found a viscous altar of Jiyva.
     0 | D        | Found a corrupted altar of Lugonu.
     0 | D        | Found a white marble altar of Elyvilon.
     2 | D        | Found a sparkling altar of Nemelex Xobeh.
     2 | D        | Found a burning altar of Makhleb.
     2 | D        | Found a deep blue altar of Sif Muna.
     3 | D        | Found a bloodstained altar of Trog.
     7 | D        | Found an iron altar of Okawaru.
    15 | D        | Found a radiant altar of Vehumet.
    16 | D        | Found a basalt altar of Yredelemnul.
    25 | D        | Found a shimmering altar of Xom.
    43 | D        | Reached skill level 6 in Shields
    43 | D        | Reached XP level 2. HP: 15/15 MP: 8/8
    55 | D        | Became a worshipper of Vehumet
    58 | D        | Killed Joseph
    66 | D        | Learned a level 2 spell: Throw Flame
    69 | D        | Entered arena 1.
    69 | D        | Noticed a hell hound
    73 | D        | Killed from afar by a hell hound

Action                   || total
-------------------------++-------
Melee: Broad axe         ||     2
Evoke: Wand              ||     1
  Use: Potion            ||     1
